 Dungeon Crawl Stone Soup version 0.19-a0-1886-gd64a0f0 (webtiles) character file.

79 Minion the Chopper (level 4, -5/40 HPs)
             Began as a Minotaur Berserker on Oct 15, 2016.
             Was a Follower of Trog.
             Killed by divine providence
             ... invoked by an orc priest
              (11 damage)
             ... on level 2 of the Dungeon.
             The game lasted 00:03:43 (1192 turns).

Minion the Chopper (Minotaur Berserker)             Turns: 1192, Time: 00:03:44

Health: -5/40      AC: 13    Str: 22    XL:     4   Next: 16%
Magic:  3/3        EV:  7    Int:  4    God:    Trog [*.....]
Gold:   112        SH:  0    Dex: 10    Spells: 0 memorised, 3 levels left

rFire  . . .     SeeInvis .     a - +0 hand axe
rCold  . . .     Gourm    .     e - +0 plate armour
rNeg   . . .     Faith    .     (no shield)
rPois  .         Spirit   .     (helmet restricted)
rElec  .         Dismiss  .     n - +0 cloak
rCorr  .         Reflect  .     u - +0 pair of gloves
MR     .....     Harm     .     (no boots)
Stlth  ..........               (no amulet)
                                (no ring)
                                l - ring of stealth

@: exhausted, slowed, very slow
A: retaliatory headbutt, horns 2
a: Berserk, Burn Spellbooks, Renounce Religion


You were on level 2 of the Dungeon.
You worshipped Trog.
Trog was aware of your devotion.
You were near starving.

You visited 1 branch of the dungeon, and saw 3 of its levels.

You collected 112 gold pieces.

Inventory:

Hand Weapons
 a - a +0 hand axe (weapon)
Armour
 e - a +0 plate armour (worn)
 n - a +0 cloak (worn)
 u - a +0 pair of gloves (worn)
Jewellery
 l - a ring of stealth (left hand)
Scrolls
 b - 4 scrolls of identify {unknown}
 h - 2 scrolls of fear {unknown}
 i - a scroll of random uselessness {unknown}
 j - a scroll of teleportation {unknown}
 m - 2 scrolls of remove curse {unknown}
 p - 2 scrolls of enchant armour {unknown}
Potions
 d - a potion of curing {unknown}
 f - a potion of might {unknown}
 g - a potion of lignification {unknown}
 o - a potion of mutation {unknown}
 q - 2 potions of heal wounds {unknown}
 r - a potion of magic {unknown}
 t - 2 potions of resistance {unknown}
Comestibles
 c - 2 bread rations
 k - a royal jelly
 s - 3 fruits
 v - 4 chunks of flesh


   Skills:
 + Level 4.0 Fighting
 * Level 4.8 Axes
 + Level 3.2 Armour
 + Level 3.1 Dodging


You had 3 spell levels left.
You didn't know any spells.

Dungeon Overview and Level Annotations

Branches:
Dungeon (3/15)

Altars:


Innate Abilities, Weirdness & Mutations

You reflexively headbutt those who attack you in melee.
You have a pair of horns on your head.


Message History

You are too injured to fight recklessly!
You hit the orc priest but do no damage.
The orc priest is lightly wounded.
The orc priest hits you but does no damage.
You hit the orc priest.
The orc priest is heavily wounded.
The orc priest hits you but does no damage.
You hit the orc priest.
The orc priest is severely wounded.
The orc priest barely misses you.
The orc priest looks encouraged for a moment.
You hit the orc priest but do no damage.
The orc priest is severely wounded.
The orc priest hits you but does no damage.
You barely miss the orc priest. Your headbutt misses the orc priest.
The orc priest is severely wounded.
The orc priest barely misses you.
The orc priest calls down the wrath of Beogh upon you.
Beogh smites you!
You die...

#....................
#....................
#....................
#..........#.........
#..........##.....#..
#..........####.#.##.
#..........# #.#.###
#..........# #....##
#...@o.....# ####...
#..........# #.>....
####.#....### #......
#.##.#...###......
#.##.###..........
#.##.# #####......
#.##.#######.....รท
#.................
####.#######......


You could see an orc priest.

Vanquished Creatures
  4 gnolls (D:3)
  An adder (D:2)
  A worm (D:2)
  A leopard gecko (D:3)
  An orc (D:3)
  2 bats (D:1)
  4 giant cockroaches
  3 goblins (D:2)
  2 quokkas
  4 frilled lizards
  2 kobolds
  5 rats
30 creatures vanquished.

Notes
Turn   | Place    | Note
-------+----------+-------------------------------------------
     0 | D:1      | Minion the Minotaur Berserker began the quest for the Orb.
     0 | D:1      | Reached XP level 1. HP: 19/19 MP: 0/0
   649 | D:2      | Reached XP level 2. HP: 27/27 MP: 1/1
   791 | D:2      | Reached XP level 3. HP: 21/33 MP: 2/2
  1165 | D:3      | Reached XP level 4. HP: 33/40 MP: 3/3
  1192 | D:2      | Killed from afar by an orc priest

Vault maps used:
D:1:      dpeg_arrival_rhombi
D:3:      nicolae_qazlal_eye_of_the_storm

Skill      XL: |  1  2  3  4 |
---------------+-------------+-----
Axes           | 4 |  4.8
Armour         | 3 |  3.2
Fighting       | 4 |  4.0
Dodging        | 3 |  3.1

Action                   |  1- 3 |  4- 6 || total
-------------------------+-------+-------++-------
Melee: Hand axe          |    56 |    12 ||    68
       Headbutt          |    15 |     1 ||    16
Invok: Berserk           |     1 |       ||     1
Armor: Animal skin       |     9 |       ||     9
       Plate armour      |    24 |     6 ||    30
Dodge: Dodged            |    29 |     7 ||    36
